 Dungeon Crawl Stone Soup version 0.28-a0-695-gff097466f2 (webtiles) character file.

Game seed: 15934546285874452497

101710 kae the Black Belt (level 15, -5/198 HPs)
             Began as a Purple Draconian Transmuter on Oct 22, 2021.
             Was a High Priest of Ru.
             Succumbed to a redback's poison
             ... on level 3 of the Lair of Beasts.
             The game lasted 00:40:10 (43063 turns).

kae the Black Belt (Purple Draconian Transmuter)   Turns: 43063, Time: 00:40:11

Health: -5/198     AC: 27    Str: 16    XL:     15   Next: 84%
Magic:  2/21       EV:  2    Int: 18    God:    Ru [*****.]
Gold:   3246       SH:  0    Dex: 19    Spells: 7/22 levels left

rFire   + . .      SeeInvis .     - Unarmed
rCold   . . .      Faith    .   (no shield)
rNeg    . . .      Spirit   +   (armour unavailable)
rPois   +          Reflect  .   (helmet currently unavailable)
rElec   .          Harm     .   (cloak currently unavailable)
rCorr   .          Rampage  .   (gloves currently unavailable)
Will    ++...      NoTele   +   (boots currently unavailable)
Stlth   ..........              i - amulet of guardian spirit
HPRegen 0.43/turn               F - +4 ring of evasion
MPRegen 0.17/turn               s - ring of Disaster {rF+ Str+5 Dex+6}

@: lethally poisoned (-5 -> -75), tree-form, unable to read
A: stationary, stasis, torment immunity, boosted hp, (breathe power), AC +9,
unfitting armour, screaming 1, weak 1, (cold-blooded), inability to read while
threatened, no stealth, inability to use devices, (horns 1), (talons 1)
a: Renounce Religion, Draw Out Power, Power Leap, Apocalypse


You were on level 3 of the Lair of Beasts.
You worshipped Ru.
Ru was extremely pleased with you.
You were a tree.
You visited 5 branches of the dungeon, and saw 25 of its levels.
You also visited: Gauntlet.

You collected 3366 gold pieces.
You spent 120 gold pieces at shops.

Inventory:

Missiles
 p - 3 throwing nets
Armour
 t - a +0 cloak of willpower (melded)
 u - a +1 pair of gloves of archery (melded)
 y - a +2 cloak of preservation
Jewellery
 b - a +4 ring of protection
 c - a +4 ring of slaying
 h - a ring of protection from cold
 i - an amulet of guardian spirit (around neck)
 s - the ring of Disaster (right branch) {rF+ Str+5 Dex+6}
   (You took it off a minotaur in a Gauntlet)

   [ring of dexterity]

   Str:       It affects your strength (+5).
   Dex:       It affects your dexterity (+6).
   rF:        It protects you from fire.
 v - a ring of willpower
 w - a +4 ring of evasion
 B - a ring of resist corrosion
 E - a +4 ring of slaying
 F - a +4 ring of evasion (left branch)
 H - an amulet of reflection
 I - the amulet "Sotu" {Faith rElec Regen+ Int-5 Dex+4}
   (You found it on level 12 of the Dungeon)

   [amulet of faith]

   It allows you to gain divine favour quickly.
   Int:       It affects your intelligence (-5).
   Dex:       It affects your dexterity (+4).
   rElec:     It insulates you from electricity.
   Regen:     It increases your rate of health regeneration.
 J - a ring of wizardry
Scrolls
 f - 8 scrolls of teleportation
 j - 9 scrolls of enchant weapon
 n - 3 scrolls of blinking
 q - 2 scrolls of enchant armour
 z - 6 scrolls of fog
 C - 4 scrolls of identify
 D - 3 scrolls of amnesia
 G - a scroll of fear
Potions
 a - 2 potions of cancellation
 d - 3 potions of brilliance
 e - a potion of resistance
 g - 2 potions of lignification
 k - a potion of heal wounds
 l - a potion of magic
 m - 8 potions of flight
 o - 7 potions of curing
 r - a potion of ambrosia
 x - 2 potions of invisibility
 A - a potion of mutation


   Skills:
 - Level 12.0 Fighting
 - Level 10.0 Dodging
 - Level 16.0 Unarmed Combat
 - Level 4.0 Spellcasting
 + Level 13.1 Transmutations
 - Level 5.0 Ice Magic
 + Level 13.1 Air Magic
 - Level 2.0 Poison Magic


You had 7 spell levels left.
You knew the following spells:

 Your Spells              Type           Power      Damage    Failure   Level
a - Beastly Appendage     Tmut           100%       N/A       1%          1
b - Spider Form           Tmut/Pois      15%        N/A       1%          3
c - Ice Form              Ice/Tmut       36%        N/A       3%          4
d - Storm Form            Tmut/Air       25%        N/A       50%         7

Your spell library contained the following spells:

 Spells                   Type           Power      Damage    Failure   Level
 Freeze                   Ice            84%        1d10      1%          1
 Shock                    Conj/Air       100%       1d9       1%          1
 Static Discharge         Conj/Air       27%        N/A       1%          2
 Wereblood                Tmut           50%        N/A       1%          2
 Swiftness                Air            50%        N/A       1%          3
 Airstrike                Air            25%        N/A       1%          4
 Blade Hands              Tmut           25%        N/A       1%          5
 Ensorcelled Hibernation  Hex/Ice        24%        N/A       8%          2
 Petrify                  Tmut/Erth      27%        N/A       10%         4
 Animate Skeleton         Necr           6%         N/A       14%         1
 Apportation              Tloc           6%         N/A       14%         1
 Foxfire                  Conj/Fire      12%        2x1d4     14%         1
 Pain                     Necr           12%        1d4       14%         1
 Summon Small Mammal      Summ           12%        N/A       14%         1
 Blink                    Tloc           N/A        N/A       22%         2
 Slow                     Hex            3%         N/A       22%         2
 Sublimation of Blood     Necr           1%         N/A       22%         2
 Irradiate                Conj/Tmut      13%        3d18      26%         5
 Lightning Bolt           Conj/Air       13%        1d27      26%         5
 Call Canine Familiar     Summ           3%         N/A       41%         3
 Confusing Touch          Hex            3%         N/A       41%         3
 Conjure Flame            Conj/Fire      3%         6-21      41%         3
 Dazzling Flash           Conj/Hex       6%         N/A       41%         3
 Gell's Gravitas          Tloc           1%         N/A       41%         3
 Inner Flame              Hex/Fire       3%         N/A       41%         3
 Lesser Beckoning         Tloc           3%         N/A       41%         3
 Summon Guardian Golem    Hex/Summ       3%         N/A       41%         3
 Teleport Other           Tloc           3%         N/A       41%         3
 Vampiric Draining        Necr           1%         2d6       41%         3
 Flame Wave               Conj/Fire      3%         3d3       82%         4
 Iskenderun's Mystic Bla  Conj/Tloc      3%         2d3       82%         4
 Metabolic Englaciation   Hex/Ice        6%         N/A       82%         5
 Statue Form              Tmut/Erth      18%        N/A       83%         6
 Fireball                 Conj/Fire      1%         3d3       99%         5
 Manifold Assault         Tloc           3%         N/A       99%         5
 Summon Forest            Summ/Tloc      1%         N/A       99%         5
 Iron Shot                Conj/Erth      1%         9d1       100%        6
 Simulacrum               Ice/Necr       6%         N/A       100%        6
 Starburst                Conj/Fire      1%         6d3       100%        6
 Ozocubu's Refrigeration  Ice            10%        4d7       100%        7
 Maxwell's Capacitive Co  Air            25%        ∞         99%         8
 Ignition                 Fire           1%         3d3       100%        8
 Animate Armour           Summ/Erth      Unusable   N/A       N/A         4

Dungeon Overview and Level Annotations

Branches:
Dungeon (15/15)            Temple (1/1) D:5            Lair (6/6) D:8
  Swamp (0/4) Lair:2       Spider (1/4) Lair:3          Orc (2/2) D:12
    Elf (0/3) Orc:2        Vaults (0/5) D:14         Depths (0/4) D:15
Gauntlet (visited)
  Slime: Lair:5-6

Altars:
Ashenzari
Cheibriados
Dithmenos
Elyvilon
Fedhas
Gozag
Hepliaklqana
Kikubaaqudgha
Makhleb
Nemelex Xobeh
Okawaru
Qazlal
Ru
Sif Muna
Trog
Uskayaw
Vehumet
Wu Jian
Xom
Yredelemnul
Zin
The Shining One
Beogh

Shops:
Orc:2 ?[:[[[

Annotations:
D:13 1 runed translucent door, Rupert
Lair:2 3 runed translucent doors, Siem's ghost, journeyman OpCj
Lair:5 exclusion: 2 oklob plants
Lair:6 2 runed translucent doors


Innate Abilities, Weirdness & Mutations

You are a tree.
Your roots penetrate the ground, keeping you stationary.
You cannot be teleported.
You are immune to unholy pain and torment.
Your maximum health is greatly increased.
Your equipment is partially melded.
((You can breathe bolts of dispelling energy.))
((Your rich purple scales are hard. (AC +9)))
You cannot fit into any form of body armour.
You occasionally shout uncontrollably at your foes.
You are weak. (Str -2)
((You are cold-blooded and may be slowed by cold attacks.))
You sometimes lose the ability to read scrolls when taking damage.
You cannot be stealthy.
You cannot study or use magical devices.
((You have a pair of small horns on your head.))
((You have sharp toenails.))


Message History

The redback misses you. The redback barely misses you.
The wolf spider hits you.
* * * LOW HITPOINT WARNING * * *
The wolf spider barely misses you.
You cannot read scrolls in your current state!
Okay, then.
You cannot read scrolls in your current state!
Really quaff the potion of lignification?
You warm up again.
Your +0 cloak of willpower unmelds from your body.
Your +1 pair of gloves of archery unmelds from your body.
You feel strong-willed.
You feel that your aim is more steady.
You turn into a tree.
Your +0 cloak of willpower melds into your body.
Your +1 pair of gloves of archery melds into your body.
You feel less strong-willed.
Your aim is not that steady anymore.
Your roots penetrate the ground.
* * * LOW HITPOINT WARNING * * *
You feel extremely sick. The redback bites you.
* * * LOW HITPOINT WARNING * * *
The redback bites you but does no damage.
The tarantella touches you but does no damage.
You redirect the redback's attack!
The redback misses itself.
The redback bites you!
* * * LOW HITPOINT WARNING * * *
You are more poisoned.
The redback poisons you!
You focus your inner power and blind the redback in retribution!
The wolf spider hits you but does no damage.
The wolf spider bites you but does no damage.
The redback bites you but does no damage.
The redback bites you!
* * * LOW HITPOINT WARNING * * *
The redback bites you!
* * * LOW HITPOINT WARNING * * *
The tarantella touches you but does no damage.
You smack the redback!
The redback is heavily wounded.
You die...

............# ###.####.#....##..
............# #..............###
............####.........>....###
............##.+.................
.............≈≈≈.≈≈≈............#
#...........≈.≈≈.≈≈[≈.........+..
#...........≈≈.≈.≈.≈≈.........###
#...........≈≈≈sss≈≈≈≈P#...+#.# #
#..............s♣....#####..###
#####.......≈≈≈ss.≈≈≈≈##....#
#######...##≈≈.≈.≈.≈≈.##..###
#......>..#≈≈.≈≈.≈≈.≈.##.#######
..........#..≈≈≈.≈≈≈..##.##..#.#
..........+...≈≈....)..........##
..........#...##............(....
#...........##[#.................
.............<.#............<##P.


You could see a wolf spider, a tarantella and 4 redbacks.

Vanquished Creatures
  Kirke (D:12)
  A minotaur (Gauntlet)
  Azrael (D:13)
  An ettin (D:14)
  Josephine (D:12)
  12 hydras
  2 boulder beetles
  5 two-headed ogres
  6 centaur warriors
  A catoblepas (Lair:4)
  5 death yaks (Lair:3)
  Erica (D:8)
  A tengu warrior (D:14)
  An orc high priest (Orc:2)
  Urug (Lair:6)
  3 deep elf knights (D:14)
  A skeletal warrior (D:13)
  A fire crab (Lair:6)
  A deep troll (D:15)
  A sixfirhy (Gauntlet)
  2 deep elf archers (D:14)
  2 bog bodies (Lair:2)
  A necromancer (D:14)
  7 deep elf zephyrmancers (D:14)
  2 orc knights
  6 orc sorcerers
  17 ugly things
  2 orb spiders
  3 wolf spiders
  A moth of wrath (Spider:1)
  11 deep elf pyromancers
  A manticore (D:10)
  4 cyclopes
  Maurice (D:11)
  3 molten gargoyles (Lair:6)
  4 black mambas
  A torpor snail (Gauntlet)
  An eye of devastation (Gauntlet)
  9 cane toads
  5 rime drakes
  15 komodo dragons
  3 unseen horrors
  4 yaktaurs (D:14)
  A kobold demonologist (D:14)
  4 trolls
  2 tengu conjurers
  7 jumping spiders
  A hornet (D:9)
  A harpy skeleton (D:14)
  3 blink frogs (Lair:3)
  5 slime creatures
  6 dream sheep (Lair:6)
  Prince Ribbit (D:6)
  2 centaur simulacra (D:14)
  8 wyverns
  4 shadows
  5 wraiths
  A vampire (D:14)
  4 tarantellas
  3 hogs (D:12)
  A golden eye (shapeshifter) (D:15)
  55 yaks
  6 basilisks
  10 redbacks
  5 fire elementals (D:13)
  7 vampire mosquitoes (D:12)
  3 steam dragons
  2 golden eyes (Gauntlet)
  6 acid dragons
  Duvessa (D:6)
  7 hell hounds
  14 water moccasins
  28 orc warriors
  A hornet zombie (D:6)
  2 sky beasts
  An ice beast (D:3)
  A black bear (D:4)
  7 ogres
  8 centaurs
  11 wolves
  2 phantoms (D:4)
  6 kobold brigands
  14 bullfrogs
  4 gnoll sergeants
  4 water moccasin zombies
  A wyvern zombie (D:6)
  2 scorpions (D:4)
  Dowan (D:6)
  32 killer bees (Lair:1)
  An electric eel (Lair:2)
  9 howler monkeys
  7 wights
  5 lava snakes (Lair:6)
  3 centaur zombies
  3 jellies
  A bullfrog zombie (D:5)
  3 hounds
  19 orc priests
  6 centaur skeletons
  6 iguanas
  41 orc wizards
  2 killer bee zombies
  A hound skeleton (D:5)
  2 howler monkey zombies
  21 gnolls
  12 adders
  A shadow imp (D:6)
  2 white imps
  5 ufetubi
  A worm (D:3)
  2 dart slugs
  91 orcs
  8 ball pythons
  4 endoplasms
  6 giant cockroaches
  9 goblins
  8 hobgoblins
  6 jackals
  2 quokkas
  6 bats
  5 frilled lizards
  17 kobolds
  9 rats
776 creatures vanquished.

Vanquished Creatures (others)
  A wolf spider (D:13)
  A queen bee (shapeshifter) (D:15)
  A jumping spider (Spider:1)
  A yak (Lair:1)
  A redback (Spider:1)
  A bullfrog (Lair:3)
  Crazy Yiuf (D:6)
  3 orc wizards (Orc:2)
  2 orcs (Orc:1)
  A kobold (D:15)
  15 fungi
  19 plants
47 creatures vanquished.

Grand Total: 823 creatures vanquished

Notes
Turn   | Place    | Note
-------+----------+-------------------------------------------
     0 | D:1      | kae the Draconian Transmuter began the quest for the Orb.
     0 | D:1      | Reached XP level 1. HP: 16/16 MP: 3/3
    67 | D:1      | Found a faded altar of an unknown god.
   178 | D:1      | Reached XP level 2. HP: 21/23 MP: 3/5
   593 | D:1      | Reached XP level 3. HP: 29/29 MP: 4/6
  1178 | D:1      | Learned a level 3 spell: Spider Form
  1685 | D:1      | Reached skill level 4 in Unarmed Combat
  1685 | D:1      | Reached XP level 4. HP: 8/36 MP: 2/7
  1928 | D:2      | Reached skill level 1 in Poison Magic
  2123 | D:2      | Found an opulent altar of Gozag.
  2827 | D:2      | Reached XP level 5. HP: 42/42 MP: 8/8
  3197 | D:3      | Noticed an ice beast
  3213 | D:3      | Killed an ice beast
  3828 | D:3      | Learned a level 4 spell: Ice Form
  4175 | D:4      | Noticed a black bear
  4186 | D:4      | Killed a black bear
  4187 | D:4      | Reached skill level 1 in Ice Magic
  4187 | D:4      | Reached XP level 6. HP: 43/51 MP: 1/9
  4301 | D:4      | Reached skill level 5 in Unarmed Combat
  5255 | D:4      | Identified the +2 helmet of Xuohesch {Slay+5}
  5425 | D:4      | Your scales start taking on a rich purple colour.
  5425 | D:4      | Reached XP level 7. HP: 53/57 MP: 6/10
  6370 | D:5      | Entered Level 5 of the Dungeon
  7107 | D:4      | Reached skill level 5 in Transmutations
  7306 | D:5      | Reached skill level 6 in Unarmed Combat
  7306 | D:5      | Reached XP level 8. HP: 10/64 MP: 0/11
  7648 | D:5      | Found a broken altar of Ashenzari.
  8543 | D:5      | Found a staircase to the Ecumenical Temple.
  8624 | Temple   | Entered the Ecumenical Temple
  8881 | Temple   | Became a worshipper of Ru the Awakened
  9205 | D:6      | Noticed Dowan
  9206 | D:6      | Noticed Duvessa
  9461 | D:6      | Killed Duvessa
  9731 | D:5      | Reached skill level 7 in Unarmed Combat
  9731 | D:5      | Reached skill level 5 in Ice Magic
  9799 | D:6      | Killed Dowan
 10176 | D:5      | Reached skill level 5 in Fighting
 10176 | D:5      | Reached XP level 9. HP: 73/74 MP: 5/12
 10442 | D:6      | Noticed Prince Ribbit
 10453 | D:6      | Killed Prince Ribbit
 11463 | D:6      | Reached skill level 8 in Unarmed Combat
 11847 | D:6      | Found a runed translucent door.
 11848 | D:6      | Noticed Crazy Yiuf
 11859 | D:6      | Gained mutation: You cannot study or use magical devices.
                  | [Ru sacrifice]
 11859 | D:6      | Reached * piety under Ru
 11859 | D:6      | Reached ** piety under Ru
 12075 | D:6      | Killed Crazy Yiuf
 13017 | D:8      | Reached skill level 9 in Unarmed Combat
 13108 | D:8      | Reached XP level 10. HP: 69/84 MP: 8/13
 13275 | D:8      | Noticed Erica
 13285 | D:8      | Killed Erica
 13414 | D:8      | Found a snail-covered altar of Cheibriados.
 13607 | D:8      | Found a hazy altar of Hepliaklqana.
 13610 | D:8      | Found a glowing golden altar of the Shining One.
 13610 | D:8      | Found an iron altar of Okawaru.
 13616 | D:8      | Found a bloodstained altar of Trog.
 13616 | D:8      | Found a shimmering blue altar of Sif Muna.
 13661 | D:8      | Found a staircase to the Lair.
 14169 | D:9      | Reached skill level 10 in Unarmed Combat
 14389 | D:9      | Found a radiant altar of Vehumet.
 15003 | D:10     | Entered Level 10 of the Dungeon
 15230 | D:10     | Gained mutation: You sometimes lose the ability to read
                  | scrolls when taking damage. [Ru sacrifice]
 15230 | D:10     | Reached *** piety under Ru
 15301 | D:10     | Noticed a manticore
 15312 | D:10     | Killed a manticore
 15813 | D:10     | Noticed a two-headed ogre
 15821 | D:10     | Killed a two-headed ogre
 15822 | D:10     | Reached skill level 11 in Unarmed Combat
 15822 | D:10     | Reached XP level 11. HP: 72/94 MP: 8/17
 16354 | D:10     | Noticed a two-headed ogre
 16360 | D:10     | Killed a two-headed ogre
 16519 | Lair:1   | Entered Level 1 of the Lair of Beasts
 16926 | Lair:1   | Reached skill level 5 in Dodging
 16972 | Lair:1   | Reached skill level 12 in Unarmed Combat
 18609 | Lair:2   | Noticed a six-headed hydra
 18612 | Lair:2   | Reached XP level 12. HP: 106/106 MP: 12/18
 18614 | Lair:2   | Reached skill level 13 in Unarmed Combat
 18621 | Lair:2   | Killed a six-headed hydra
 18622 | Lair:2   | Reached skill level 10 in Fighting
 19206 | Lair:1   | Gained mutation: You cannot be stealthy. [Ru sacrifice]
 19206 | Lair:1   | Reached **** piety under Ru
 19544 | Lair:2   | Noticed a seven-headed hydra
 19550 | Lair:2   | Killed a seven-headed hydra
 19719 | Lair:2   | Identified a scroll of acquirement
 19719 | Lair:2   | Acquired 857 gold pieces
 20047 | Lair:2   | Found a runed translucent gate.
 20047 | Lair:2   | Found a runed translucent gate.
 20047 | Lair:2   | Found a runed translucent gate.
 20053 | Lair:2   | Noticed Siem's ghost (journeyman OpCj)
 20151 | Lair:2   | Found a staircase to the Swamp.
 20160 | Lair:2   | Reached skill level 14 in Unarmed Combat
 20715 | Lair:3   | Noticed a five-headed hydra
 20723 | Lair:3   | Killed a five-headed hydra
 21209 | Lair:3   | Noticed a death yak
 21209 | Lair:3   | Noticed a death yak
 21221 | Lair:3   | Noticed a death yak
 21222 | Lair:3   | Noticed a death yak
 21223 | Lair:3   | Noticed a death yak
 21224 | Lair:3   | Killed a death yak
 21237 | Lair:3   | Killed a death yak
 21238 | Lair:3   | Killed a death yak
 21247 | Lair:3   | Killed a death yak
 21252 | Lair:3   | Killed a death yak
 21684 | Lair:3   | Reached XP level 13. HP: 116/116 MP: 19/19
 21697 | Lair:3   | Found a hole to the Spider Nest.
 21760 | Lair:3   | Reached skill level 15 in Unarmed Combat
 22335 | Lair:4   | Gained mutation: You occasionally shout uncontrollably at
                  | your foes. [Ru sacrifice]
 23588 | Lair:5   | Found the +6 arbalest "Damnation" {damnation}
 24039 | Lair:5   | Learned a level 7 spell: Storm Form
 24141 | Lair:6   | Entered Level 6 of the Lair of Beasts
 24705 | Lair:6   | Reached skill level 16 in Unarmed Combat
 24933 | Lair:6   | Noticed Urug
 24934 | Lair:6   | Gained mutation: You are weak. (Str -2) [Ru sacrifice]
 24934 | Lair:6   | Reached ***** piety under Ru
 24942 | Lair:6   | Killed Urug
 25530 | D:11     | Found a glowing silver altar of Zin.
 25601 | D:11     | Reached skill level 10 in Dodging
 25740 | D:11     | Reached skill level 1 in Air Magic
 26173 | D:11     | Noticed Maurice
 26185 | D:11     | Killed Maurice
 26386 | D:11     | Identified the +1 leather armour of Liberty {*Corrode Fly
                  | rC+ Dex+6}
 26738 | D:12     | Noticed Kirke
 26749 | D:12     | Killed Kirke
 26750 | D:12     | Reached XP level 14. HP: 81/126 MP: 10/20
 27027 | D:12     | Reached skill level 5 in Air Magic
 27482 | D:12     | Identified the amulet "Sotu" {Faith rElec Regen+ Int-5
                  | Dex+4}
 27708 | D:12     | Found a staircase to the Orcish Mines.
 27708 | D:12     | Noticed Josephine
 27722 | D:12     | Killed Josephine
 28246 | D:13     | Noticed Azrael
 28264 | D:13     | Killed Azrael
 28869 | D:13     | Found a runed translucent door.
 29139 | D:13     | Noticed Rupert
 29378 | Orc:1    | Entered Level 1 of the Orcish Mines
 29884 | Orc:2    | Entered Level 2 of the Orcish Mines
 29907 | Orc:2    | Found a staircase to the Elven Halls.
 30095 | Orc:2    | Found Bidorealyi's Magic Scroll Shoppe.
 30103 | Orc:2    | Bought a scroll of identify for 30 gold pieces
 30103 | Orc:2    | Bought a scroll of identify for 30 gold pieces
 30103 | Orc:2    | Bought a scroll of identify for 30 gold pieces
 30103 | Orc:2    | Bought a scroll of identify for 30 gold pieces
 30113 | Orc:2    | Found a gate leading to a gauntlet.
 30207 | Gauntlet | Entered a Gauntlet
 30207 | Gauntlet | Found a transporter.
 30207 | Gauntlet | Found a transporter.
 30266 | Gauntlet | Found a transporter.
 30270 | Gauntlet | Found a transporter.
 30278 | Gauntlet | Found a transporter.
 30282 | Gauntlet | Found a transporter.
 30290 | Gauntlet | Found a transporter.
 30305 | Gauntlet | Found a runed translucent gate.
 30306 | Gauntlet | Found a transporter.
 30306 | Gauntlet | Found a runed translucent gate.
 30307 | Gauntlet | Found a runed translucent gate.
 30320 | Gauntlet | Found a transporter.
 30324 | Gauntlet | Found a transporter.
 30332 | Gauntlet | Found a transporter.
 30336 | Gauntlet | Found a transporter.
 30606 | Gauntlet | Gained mutation: Your magical capacity is low. (-10% MP)
                  | [mutagenic glow]
 30621 | Gauntlet | Gained mutation: Your body sometimes deteriorates upon
                  | taking damage. [mutagenic glow]
 30668 | Gauntlet | Lost mutation: Your magical capacity is low. (-10% MP)
                  | [potion of mutation]
 30668 | Gauntlet | Lost mutation: Your body sometimes deteriorates upon taking
                  | damage. [potion of mutation]
 30668 | Gauntlet | Gained mutation: You are frail. (-10% HP) [potion of
                  | mutation]
 30668 | Gauntlet | Lost mutation: You are frail. (-10% HP) [potion of
                  | mutation]
 30668 | Gauntlet | Gained mutation: You have sharp toenails. [potion of
                  | mutation]
 30668 | Gauntlet | Gained mutation: You have a pair of small horns on your
                  | head. [potion of mutation]
 30796 | Gauntlet | Identified the ring of Disaster {rF+ Str+5 Dex+6}
 30842 | Gauntlet | Identified the +1 pair of boots "Duutsa" {rF+ Will- Regen+}
 30842 | Gauntlet | Identified the +0 plate armour of Limited Liability {MP+9}
 31221 | Orc:2    | Found Ivaguf's Antique Armour Shoppe.
 32169 | Orc:2    | Found Gupsupria's Antique Armour Shoppe.
 32169 | Orc:2    | Found Haquick's Antique Armour Emporium.
 32170 | Orc:2    | Found Kority's Antique Armour Emporium.
 32174 | Orc:2    | Found Qoitz's Book Shoppe.
 32935 | D:14     | Got the Catalogue of the Frostbite and the Compass
 33011 | D:14     | Reached skill level 10 in Transmutations
 33011 | D:14     | Reached skill level 10 in Air Magic
 34810 | D:14     | Found a gate to the Vaults.
 35095 | D:13     | Reached XP level 15. HP: 97/132 MP: 10/21
 35504 | D:14     | HP: 5/144 [deep elf archer/arrow (8)]
 35517 | D:14     | HP: 6/144 [something (2)]
 38619 | Lair:6   | Found a large runed translucent door.
 38620 | Lair:6   | Found a large runed translucent door.
 38637 | Lair:6   | Found the +7 mace of Variability {chain chaos}
 39362 | D:15     | Entered Level 15 of the Dungeon
 40338 | D:15     | Found a staircase to the Depths.
 41471 | D:15     | Found a bloodstained altar of Trog.
 41692 | D:15     | Acquired 436 gold pieces
 41845 | Spider:1 | Entered Level 1 of the Spider Nest
 43062 | Lair:3   | HP: 6/198 [redback (6)]
 43063 | Lair:3   | Succumbed to a redback's poison

Illustrated notes

Levels and vault maps discovered:
D:1:      scummos_arrival_gate, layout_basic, dreamdust_ecumenical_altar_statues
D:2:      layout_loops_corners, basic_altar, grunt_ministairs_3,
          minmay_worlds_worst_comb
D:3:      layout_loops_corners
D:4:      layout_layer_cave, kennysheep_generic_room_15
D:5:      layout_cave_pods, ashenzari_conservatory_becter, temple_doors_ab,
          minmay_starry_boxes
D:6:      layout_basic, st_stairs_13, minmay_fractal_squares_5, uniq_duvessa,
          uniq_prince_ribbit1, uniq_crazy_yiuf_cottage
D:7:      layout_basic
D:8:      layout_loops_ring, minmay_overflow_temple_hex, lair_entry_dummy,
          item_on_display_a, uniq_erica
D:9:      layout_small_grid, vehumet_crystals
D:10:     layout_long_grid, minivault_27
D:11:     layout_loops_ring, zin_scriptorium, uniq_maurice
D:12:     layout_cave_pools, hiddenorc2_lemuel, uniq_josephine, uniq_kirke
D:13:     layout_loops_ring, lightli_airlock, uniq_azrael, uniq_rupert
D:14:     minmay_elf_outpost, layout_layer_cave,
          hangedman_vaults_entry_quadrant_bands
D:15:     hangedman_depths_entry_civil_slaughter, layout_basic,
          hangedman_decor_riveting, trog_hazing_becter
Temple:   eino_temple_water
Lair:1:   wad_woods_minihive, layout_misc_corridors, serial_rivers,
          chequers_serial_rivers_marsh, chequers_serial_rivers_micro_a,
          chequers_serial_rivers_small_b, chequers_serial_rivers_room_a,
          chequers_serial_rivers_marsh, chequers_serial_rivers_micro_c
Lair:2:   layout_gridlike, skrybe_swamp_entry_bodies, ebering_ghost_rock_garden,
          infiniplex_staircase_pool_2, serial_bayou_shore_b, grunt_megastairs_4
Lair:3:   layout_roguey, spider_nest_entry_a, serial_bayou_shore_b
Lair:4:   layout_hall_layers
Lair:5:   layout_hall_layers, minmay_slime_entry_oklob_enclosed
Lair:6:   cheibrodos_lair_end_hotspot, layout_big_grid, uniq_urug
Spider:1: layout_spider_delve, guppyfry_spider_mini_2
Orc:1:    layout_caves
Orc:2:    st_orc_mages, layout_diamond_mine, gauntlet_entry_generic,
          basic_altar, serial_shops, shop, shop

Skill      XL: |  1  2  3  4  5  6  7  8  9 10 11 12 13 14 15 |
---------------+----------------------------------------------+-----
Fighting       | 2 3 4 5 6 8 9 11 12 | 12.0
Unarmed Combat | 4 5 6 7 9 11 12 14 16 | 16.0
Poison Magic   | 1 2 |  2.0
Transmutations | 3 4 5 6 8 9 10 13 | 13.1
Ice Magic      | 1 2 3 5 |  5.0
Dodging        | 4 6 8 10 | 10.0
Spellcasting   | 4 |  4.0
Air Magic      | 4 10 13 | 13.1

Action                   |  1- 3 |  4- 6 |  7- 9 | 10-12 | 13-15 || total
-------------------------+-------+-------+-------+-------+-------++-------
Melee: Unarmed           |    98 |   162 |   394 |   567 |  1179 ||  2400
       Kick              |    11 |    12 |     3 |       |     6 ||    32
       Headbutt          |     5 |     5 |       |       |     4 ||    14
       Tailslap          |     1 |     8 |    11 |     5 |     2 ||    27
       Punch             |       |       |     2 |     1 |     1 ||     4
 Cast: Beastly Appendage |    12 |    20 |     2 |     1 |       ||    35
       Spider Form       |     2 |    15 |    14 |       |       ||    31
       Ice Form          |       |       |    27 |    56 |   126 ||   209
Invok: Sacrifice Artific |       |       |     1 |       |       ||     1
       Sacrifice Words   |       |       |       |     1 |       ||     1
       Draw Out Power    |       |       |       |     6 |     5 ||    11
       Sacrifice Stealth |       |       |       |     1 |       ||     1
       Sacrifice Purity  |       |       |       |       |     2 ||     2
       Power Leap        |       |       |       |       |     4 ||     4
       Apocalypse        |       |       |       |       |     2 ||     2
       Reject Sacrifices |       |       |       |       |     2 ||     2
 Abil: Breathe Dispellin |       |       |     1 |       |     3 ||     4
  Use: Scroll            |       |     4 |     8 |     8 |    14 ||    34
       Potion            |       |       |       |       |    12 ||    12
 Stab: Sleeping          |       |     1 |       |       |       ||     1
       Invisible         |       |       |     1 |    14 |    16 ||    31
       Petrified         |       |       |       |     3 |       ||     3
       Distracted        |       |       |       |       |     5 ||     5
       Paralysed         |       |       |       |       |     2 ||     2
Armor: Skin              |    27 |    36 |    89 |   140 |   213 ||   505
Dodge: Dodged            |    91 |   140 |   244 |   368 |   822 ||  1665

Table legend: (Time is in decaauts)
 A = Elapsed time spent in this place.
 B = Non-inter-level travel time spent in this place.
 C = Inter-level travel time spent in this place.
 D = Time resting spent in this place.
 E = Time spent auto-exploring this place.
 F = Levels seen in this place.
 G = Mean time per level.
                   A        B        C        D        E       F      G
               +--------+--------+--------+--------+--------+-----+--------+
         Total |  42641 |  40711 |   1930 |   5530 |  29786 |  26 | 1640.0 |
       Dungeon |  27486 |  26284 |   1202 |   3484 |  19543 |  15 | 1832.4 |
        Temple |    274 |    228 |     46 |      0 |    216 |   1 |  274.0 |
          Lair |  11670 |  11125 |    545 |   1646 |   8182 |   6 | 1945.0 |
   Spider Nest |    229 |    229 |      0 |      0 |    120 |   1 |  229.0 |
  Orcish Mines |   2266 |   2132 |    134 |     45 |   1554 |   2 | 1133.0 |
      Gauntlet |    714 |    714 |      0 |    353 |    170 |   1 |  714.0 |
               +--------+--------+--------+--------+--------+-----+--------+

Top non-repeatable levels by time:
    D:14: 4483 daAuts
     D:5: 3349 daAuts
     D:4: 2873 daAuts
  Lair:6: 2857 daAuts
  Lair:3: 2691 daAuts
    D:13: 2519 daAuts
  Lair:1: 2276 daAuts
     D:1: 1903 daAuts
  Lair:2: 1817 daAuts
    D:11: 1514 daAuts
    D:10: 1512 daAuts
    D:15: 1505 daAuts
   Orc:2: 1492 daAuts
     D:6: 1478 daAuts
     D:8: 1273 daAuts
